 Dungeon Crawl Stone Soup version 0.27-a0-1140-g099f9bb0e8 (webtiles) character file.

Game seed: 16804144818050636171

507 HagarQim the Magician (level 6, -4/33 HPs)
             Began as a Deep Elf Earth Elementalist on May 10, 2021.
             Slain by Edmund
             ... wielding a +1 flail of protection
              (8 damage)
             ... on level 5 of the Dungeon.
             The game lasted 00:20:50 (4856 turns).

HagarQim the Magician (Deep Elf Earth Elementalist) Turns: 4856, Time: 00:20:50

Health: -4/33      AC:  6    Str:  7    XL:     6   Next: 97%
Magic:  8/17       EV: 12    Int: 20    God:
Gold:   165        SH:  0    Dex: 15    Spells: 9/17 levels left

rFire    . . .     SeeInvis .   k - +2 dagger (elec)
rCold    . . .     Faith    .   (no shield)
rNeg     . . .     Spirit   .   c - +0 robe
rPois    .         Reflect  .   m - +1 helmet
rElec    .         Harm     .   (no cloak)
rCorr    .         Rampage  .   a - +1 pair of gloves
Will     .....                  (no boots)
Stlth    +++.......             (no amulet)
HPRegen  0.11/turn              (no ring)
MPRegen  0.15/turn              (no ring)

@: about to teleport
A: no striking features
a: no special abilities


You were on level 5 of the Dungeon.
You visited 1 branch of the dungeon, and saw 5 of its levels.

You collected 165 gold pieces.

Inventory:

Hand Weapons
 e - a +0 hunting sling
 g - a +1 short sword of venom
 h - a +3 dagger
 j - a +0 dagger of distortion
 k - a +2 dagger of electrocution (weapon)
 n - a +0 vampiric dagger
Missiles
 b - 148 stones
Armour
 a - a +1 pair of gloves (worn)
 c - a +0 robe (worn)
 m - a +1 helmet (worn)
 q - a +0 troll leather armour {Purgy}
Jewellery
 i - a ring of fire
Scrolls
 d - 2 scrolls of enchant weapon
 f - a scroll of magic mapping
Potions
 l - a potion of might
 o - a potion of haste


   Skills:
 + Level 0.8 Fighting
 + Level 2.2 Short Blades
 + Level 2.5 Dodging
 * Level 4.0 Stealth
 + Level 6.3 Spellcasting
 * Level 1.4 Conjurations
 + Level 1.1 Transmutations
 + Level 5.5 Earth Magic


You had 9 spell levels left.
You knew the following spells:

 Your Spells              Type           Power      Damage    Failure   Level
a - Sandblast             Erth           56%        2d13      1%          1
b - Stone Arrow           Conj/Erth      40%        3d9       7%          3
c - Petrify               Tmut/Erth      19%        N/A       26%         4

Your spell library contained the following spells:

 Spells                   Type           Power      Damage    Failure   Level
 Passwall                 Tmut/Erth      15%        N/A       4%          2
 Shock                    Conj/Air       36%        1d5       8%          1
 Static Discharge         Conj/Air       9%         N/A       12%         2
 Lee's Rapid Deconstruct  Erth           14%        3d10*     28%         5
 Swiftness                Air            6%         N/A       30%         3
 Airstrike                Air            3%         N/A       69%         4
 Lightning Bolt           Conj/Air       4%         1d16      91%         5


Dungeon Overview and Level Annotations

Branches:
Dungeon (5/15)
 Temple: D:4-7

Altars:
Zin

Annotations:
D:5 Edmund


Message History

Aim: Edmund, wielding a +1 flail of protection and wearing a +0 ring mail (severely wounded, 83% to hit)
The blast of sand hits Edmund but does no damage.
Edmund is severely wounded.
Casting: Sandblast (safe; 1% risk of failure)
Confirm with . or Enter, or press ? or * to list all spells.
Aiming: Sandblast (safe; 1% risk of failure)
Press: ? - help, Shift-Dir - straight line, f/p - Edmund
Aim: Edmund, wielding a +1 flail of protection and wearing a +0 ring mail (severely wounded, 83% to hit)
The blast of sand hits Edmund!
Edmund is almost dead.
Casting: Sandblast (safe; 1% risk of failure)
Confirm with . or Enter, or press ? or * to list all spells.
Aiming: Sandblast (safe; 1% risk of failure)
Press: ? - help, Shift-Dir - straight line, f/p - Edmund
Aim: Edmund, wielding a +1 flail of protection and wearing a +0 ring mail (almost dead, 83% to hit)
The blast of sand hits Edmund but does no damage.
Edmund is almost dead.
Edmund hits you with a +1 flail of protection.
* * * LOW HITPOINT WARNING * * *
Okay, then.
Casting: Sandblast (safe; 1% risk of failure)
Confirm with . or Enter, or press ? or * to list all spells.
Aiming: Sandblast (safe; 1% risk of failure)
Press: ? - help, Shift-Dir - straight line, f/p - Edmund
Aim: Edmund, wielding a +1 flail of protection and wearing a +0 ring mail (almost dead, 83% to hit)
Okay, then.
Okay, then.
Okay, then.
Edmund says, "I might not be good at magic, but I can still kill you!"
Press: ? - help, v - describe, . - travel
Here: Edmund, wielding a +1 flail of protection and wearing a +0 ring mail (almost dead)
The floor.
Edmund asks, "Have you met my wondrous brother?"
Press: ? - help, v - describe, . - travel
Here: Edmund, wielding a +1 flail of protection and wearing a +0 ring mail (severely wounded)
The floor.
As you read the scroll of teleportation, it crumbles to dust.
You feel strangely unstable.
Edmund hits you with a +1 flail of protection!
You die...

...#................ ......
...#............... .....
..##....###†#####.# ##+# #..#
..##....###.##.##.###+###..###..#
.........#...........>...........
..##.....#.......................
..##.....#.....##.....##...##....
.........#.....##.....##...##....
.........#.....@@..........##....
..##.....##....##................
..##.....##....##................
...#.............................
...# ...[.......................
#### ###########################


You could see Edmund.

Vanquished Creatures
  Purgy (D:4)
  4 hounds
  Jessica (D:2)
  2 orc wizards (D:3)
  A scorpion zombie (D:5)
  Robin (D:3)
  4 gnolls (D:2)
  4 adders
  A shadow imp (D:5)
  An adder zombie (D:5)
  A worm (D:2)
  2 dart slugs
  5 orcs (D:3)
  8 endoplasms
  6 giant cockroaches
  17 goblins
  9 hobgoblins
  3 jackals (D:2)
  7 kobolds
  3 quokkas
  5 ball pythons
  A bat (D:1)
  4 frilled lizards
  A jackal skeleton (D:4)
  2 rats
94 creatures vanquished.

Notes
Turn   | Place    | Note
-------+----------+-------------------------------------------
     0 | D:1      | HagarQim the Deep Elf Earth Elementalist began the quest
                  | for the Orb.
     0 | D:1      | Reached XP level 1. HP: 10/10 MP: 6/6
   412 | D:1      | Reached XP level 2. HP: 15/15 MP: 6/8
  1133 | D:2      | Reached skill level 4 in Spellcasting
  1134 | D:2      | Reached XP level 3. HP: 19/19 MP: 5/10
  1233 | D:2      | Noticed Jessica
  1236 | D:2      | Killed Jessica
  1237 | D:2      | Reached skill level 1 in Short Blades
  1407 | D:2      | Reached XP level 4. HP: 24/24 MP: 10/12
  1567 | D:2      | Learned a level 3 spell: Stone Arrow
  1572 | D:2      | Learned a level 4 spell: Petrify
  1862 | D:3      | Reached skill level 5 in Spellcasting
  2199 | D:3      | Reached XP level 5. HP: 28/28 MP: 12/14
  2353 | D:3      | Found a glowing silver altar of Zin.
  2685 | D:3      | Noticed Robin
  3127 | D:3      | Killed Robin
  3458 | D:4      | Reached skill level 5 in Earth Magic
  3697 | D:4      | Noticed Purgy
  3700 | D:4      | Killed Purgy
  3701 | D:4      | Reached XP level 6. HP: 33/33 MP: 16/16
  3850 | D:4      | Reached skill level 6 in Spellcasting
  4506 | D:5      | Entered Level 5 of the Dungeon
  4511 | D:5      | Reached skill level 1 in Conjurations
  4808 | D:5      | Noticed Edmund
  4828 | D:5      | HP: 1/33 [Edmund/+1 flail of protection (6)]
  4856 | D:5      | Slain by Edmund

Illustrated notes

Levels and vault maps discovered:
D:1:      roderic_chinese_lattice_arrival, layout_loops_corners
D:2:      layout_rooms, uniq_jessica
D:3:      layout_rooms, lemuel_doored_altar, uniq_robin
D:4:      layout_basic, palyth_stone_intersect, uniq_purgy
D:5:      layout_gridville, uniq_edmund

Skill      XL: |  1  2  3  4  5  6 |
---------------+-------------------+-----
Spellcasting   | 4 5 6 |  6.3
Short Blades   | 1 2 |  2.2
Earth Magic    | 4 5 |  5.5
Stealth        | 3 4 |  4.0
Conjurations   | 1 |  1.4
Fighting       | |  0.8
Dodging        | |  2.5
Transmutations | |  1.1

Action                   |  1- 3 |  4- 6 || total
-------------------------+-------+-------++-------
Melee: Short sword       |     4 |     8 ||    12
       Dagger            |       |    53 ||    53
 Cast: Sandblast         |    32 |    89 ||   121
  Use: Scroll            |       |    13 ||    13
 Stab: Sleeping          |     1 |     6 ||     7
       Distracted        |       |     1 ||     1
Armor: Robe              |     2 |    19 ||    21
Dodge: Dodged            |     8 |    35 ||    43

Table legend: (Time is in decaauts)
 A = Elapsed time spent in this place.
 B = Non-inter-level travel time spent in this place.
 C = Inter-level travel time spent in this place.
 D = Time resting spent in this place.
 E = Time spent auto-exploring this place.
 F = Levels seen in this place.
 G = Mean time per level.
                   A        B        C        D        E       F      G
               +--------+--------+--------+--------+--------+-----+--------+
         Total |   4848 |   4706 |    142 |   1563 |   2313 |   5 |  969.6 |
       Dungeon |   4848 |   4706 |    142 |   1563 |   2313 |   5 |  969.6 |
               +--------+--------+--------+--------+--------+-----+--------+

Top non-repeatable levels by time:
     D:3: 1512 daAuts
     D:1: 1106 daAuts
     D:4: 1048 daAuts
     D:2: 832 daAuts
     D:5: 348 daAuts
